 Dungeon Crawl Stone Soup version 0.25-a0-353-ged6d54792d (webtiles) character file.

Game seed: 16210850716615904035, levelgen mode: classic

29 Borgoz the Cudgeler (level 3, -4/22 HPs)
             Began as a Gargoyle Gladiator on Jan 2, 2020.
             Slain by an orc warrior
             ... wielding a +0 flail
              (12 damage)
             ... on level 2 of the Dungeon.
             The game lasted 00:01:17 (984 turns).

Borgoz the Cudgeler (Gargoyle Gladiator)             Turns: 984, Time: 00:01:18

Health: -4/22      AC:  7    Str: 18    XL:     3   Next: 16%
Magic:  3/3        EV: 12    Int:  8    God:
Gold:   27         SH:  0    Dex: 11    Spells: 2/2 levels left

rFire    . . .     SeeInvis .   a - +0 flail
rCold    . . .     Gourm    .   (no shield)
rNeg     + . .     Faith    .   b - +0 leather armour
rPois    ∞         Spirit   .   c - +0 helmet
rElec    +         Reflect  .   (no cloak)
rCorr    .         Harm     .   (no gloves)
MR       .....                  (no boots)
Stlth    +.........             (no amulet)
HPRegen  0.07/turn              (no ring)
MPRegen  0.08/turn              (no ring)

@: no status effects
A: negative energy resistance 1, electricity resistance, unbreathing,
petrification resistance, rot immunity, AC +3
a: no special abilities


You were on level 2 of the Dungeon.
You were not hungry.

You visited 1 branch of the dungeon, and saw 2 of its levels.

You collected 27 gold pieces.

Inventory:

Hand Weapons
 a - a +0 flail (weapon)
Missiles
 d - 3 throwing nets (quivered)
Armour
 b - a +0 leather armour (worn)
 c - a +0 helmet (worn)
Scrolls
 e - 2 scrolls of enchant armour {unknown}
 i - 3 scrolls of identify {unknown}
 j - a scroll of remove curse {unknown}
 k - a scroll of magic mapping {unknown}
Potions
 h - a potion of heal wounds {unknown}
 l - a potion of curing {unknown}
Comestibles
 f - 4 rations


   Skills:
 + Level 2.5 Fighting
 * Level 3.5 Maces & Flails
 - Level 1.7 Throwing
 + Level 1.0 Armour
 + Level 2.6 Dodging


You had 2 spell levels left.
You didn't know any spells.
Your spell library was empty.

Dungeon Overview and Level Annotations

Branches:
Dungeon (2/15)

Altars:


Innate Abilities, Weirdness & Mutations

You are resistant to torment.
Your stone body is resilient. (AC +3)
You are immune to poison.
You resist negative energy. (rN+)
You are resistant to electric shocks. (rElec)
You can survive without breathing.
You are immune to petrification.
You are immune to rotting.


Message History

An orc and an orc warrior come into view.
The orc warrior shouts!
The orc wizard gestures wildly while chanting.
The orc wizard flickers and vanishes!
Deactivating autopickup; reactivate with Ctrl-A.
Found a stone staircase leading up.
You hit the orc but do no damage. The orc hits you but does no damage.
You barely miss the orc. The orc barely misses you.
You barely miss the orc. The orc hits you but does no damage.
You sock the orc!
You kill the orc!
You hit the orc warrior but do no damage.
The orc warrior hits you with a +0 flail!
Ouch! That really hurt!
You barely miss the orc warrior.
The orc warrior hits you with a +0 flail.
You closely miss something. Something hits you but does no damage.
The orc warrior hits you with a +0 flail!
Ouch! That really hurt!
You die...

###...#
..<..##
##.....##
#.......#
#.....#
#.[..#
##.#.#
##.##.#
####@o.#.#
+....[...#
####...#<#
##.##.#
####.# #.#
#.# #.#
#.#


You could see an orc warrior.

Vanquished Creatures
  2 leopard geckos (D:1)
  An orc (D:2)
  A giant cockroach (D:1)
  A goblin (D:1)
  3 hobgoblins (D:1)
  A quokka (D:1)
  A ball python (D:1)
  4 bats (D:1)
  3 frilled lizards (D:1)
  2 kobolds (D:1)
  11 rats (D:1)
30 creatures vanquished.

Notes
Turn   | Place    | Note
-------+----------+-------------------------------------------
     0 | D:1      | Borgoz the Gargoyle Gladiator began the quest for the Orb.
     0 | D:1      | Reached XP level 1. HP: 12/12 MP: 1/1
    75 | D:1      | Reached XP level 2. HP: 16/18 MP: 2/2
   723 | D:1      | Reached skill level 1 in Armour
   859 | D:1      | Reached XP level 3. HP: 22/22 MP: 3/3
   975 | D:2      | Noticed an orc warrior
   984 | D:2      | Slain by an orc warrior

Levels and vault maps discovered:
D:1:      onia_arrival_larder, layout_basic,
          hangedman_abyss_or_decor_lesser_grid, minmay_door_square,
          corexii_leaking_fountain, minmay_tripent
D:2:      layout_loops_corners, serial_glass, glass_columns_b, glass_columns_a,
          uniq_sigmund, uniq_jessica

Skill      XL: |  1  2 |
---------------+-------+-----
Armour         | 1 |  1.0
Fighting       | |  2.5
Maces & Flails | |  3.5
Throwing       | |  1.7
Dodging        | |  2.6

Action                   || total
-------------------------++-------
Melee: Flail             ||    86
 Stab: Sleeping          ||     1
Armor: Leather armour    ||    40
Dodge: Dodged            ||    59

Table legend:
 A = Non-vault XP
 B = Vault XP
 C = Vault XP percentage of total XP
 D = Non-vault monster count
 E = Vault monster count
 F = Vault count percentage of total count
                 A         B        C        D         E       F
            +---------+---------+-------+---------+---------+-------
      Total |      31 |      11 |  26.2 |      20 |      10 |  33.3
            +---------+---------+-------+---------+---------+-------
        D:1 |      28 |      11 |  28.2 |      19 |      10 |  34.5
        D:2 |       3 |       0 |   0.0 |       1 |       0 |   0.0
            +---------+---------+-------+---------+---------+-------
